Map: Eternal Empire LE

Players

Neeb - Winner!

  • Race: Protoss Protoss
  • Spawn Location: 7:00

thermostaat (uThermal)

  • Race: Terran Terran
  • Spawn Location: 1:00

Event: Cheeseadelphia XI, Cheeseadelphia XI

VOD

Have the link to the VOD?

Description

Time

  • Played on: Dec. 15, 2019, 7:32 p.m.
  • Length: 8:59

All games in this series

Show
View Real Time Build Order
Export as new Build Order

Neeb Protoss - Winner!

Build Orders: 1 Gate Expand, Oracle Opening 

Get SALT Encoding   

  12  0:00  Probe  
  13  0:12  Probe  
  14  0:16  Pylon  
  14  0:25  Probe (Chrono Boost)  
  16  0:37  Probe (Chrono Boost), Gateway  
  16  0:43  Probe (Chrono Boost)  
  16  0:46  Assimilator  
  17  0:51  Probe  
  18  1:03  Probe  
  19  1:15  Probe  
  20  1:23  Nexus  
  20  1:34  Cybernetics Core  
  20  1:35  Probe  
  21  1:40  Assimilator  
  21  1:48  Probe  
  21  1:50  Pylon  
  22  2:00  Probe (Chrono Boost)  
  23  2:10  Probe (Chrono Boost)  
  23  2:13  Stargate  
  23  2:15  Probe (Chrono Boost)  
  24  2:17  Adept  
  27  2:26  Probe (Chrono Boost), Warp Gate  
  28  2:33  Probe (Chrono Boost)  
  28  2:35  Probe (Chrono Boost)  
  32  2:45  Probe x2 (Chrono Boost)  
  32  2:50  Adept, Probe (Chrono Boost)  
  34  2:53  Probe  
  34  2:57  Oracle (Chrono Boost)  
  36  3:01  Probe  
  36  3:05  Probe  
  41  3:09  Pylon  
  41  3:13  Probe  
  41  3:17  Probe  
  43  3:21  Gateway  
  43  3:22  Gateway  
  43  3:25  Probe  
  44  3:28  Oracle  
  44  3:31  Probe  
  48  3:37  Probe  
  48  3:40  Pylon  
  49  3:43  Probe  
  50  3:49  Probe  
  50  3:50  Assimilator  
  50  3:51  Assimilator  
  51  3:55  Probe  
  51  4:02  Probe  
  50  4:04  Nexus  
  50  4:06  Pylon  
  50  4:07  Probe  
  51  4:14  Probe, Robotics Facility  
  52  4:19  Phoenix  
  52  4:22  Probe  
  55  4:26  Stalker  
  57  4:37  Stalker x2  
  61  4:40  Probe x2  
  61  4:43  Shield Battery  
  63  4:52  Stalker  
  65  4:54  Probe  
  65  4:56  Stalker  
  64  5:03  Stalker  
  64  5:05  Probe  
  61  5:10  Probe  
  61  5:12  Stalker  
  64  5:15  Stalker  
  64  5:17  Probe x2  
  64  5:18  Immortal (Chrono Boost)  
  72  5:22  Probe  
  72  5:28  Sentry  
  75  5:29  Probe x2  
  75  5:32  Robotics Bay  
  75  5:34  Probe  
  78  5:39  Pylon  
  78  5:41  Probe x2  
  80  5:46  Probe  
  80  5:49  Pylon, Observer (Chrono Boost)  
  81  5:53  Probe  
  81  5:55  Gateway  
  83  5:57  Gateway  
  83  5:58  Gateway  
  83  6:01  Pylon  
  83  6:06  Forge  
  83  6:08  Forge  
  83  6:10  Extended Thermal Lance  
  87  6:12  Sentry  
  87  6:14  Pylon  
  87  6:15  Colossus (Chrono Boost)  
  91  6:25  Twilight Council  
  91  6:33  Zealot x2  
  91  6:37  Gateway  
  91  6:39  Gateway  
  95  6:41  Protoss Ground Weapons Level 1 (Chrono Boost), Pylon  
  95  6:42  Photon Cannon  
  95  6:43  Pylon, Protoss Ground Armor Level 1 (Chrono Boost)  
  95  6:56  Zealot x3  
  95  6:57  Nexus  
  101  7:02  Colossus (Chrono Boost)  
  107  7:09  Zealot x3  
  107  7:11  Charge (Chrono Boost), Pylon  
  113  7:32  Zealot x3  
  113  7:33  Zealot x3  
  125  7:40  Shield Battery  
  125  7:43  Shield Battery  
  125  7:44  Shield Battery  
  119  7:49  Colossus  
  109  7:55  Zealot x6  
  117  7:59  Shield Battery  
  115  8:12  Pylon x2, Zealot  
  114  8:13  Zealot  
  118  8:22  Zealot x2  
  118  8:23  Zealot  
  124  8:30  Stalker  
  120  8:37  Zealot x4  
  124  8:46  Zealot x3  
  126  8:53  Pylon  
Show
View Real Time Build Order
Export as new Build Order

thermostaat Terran 

Build Orders:  

Get SALT Encoding   

  12  0:01  SCV  
  13  0:13  SCV  
  14  0:17  Supply Depot  
  14  0:25  SCV  
  15  0:38  SCV  
  15  0:40  Barracks  
  16  0:43  Refinery  
  16  0:50  SCV  
  17  1:03  SCV  
  18  1:15  SCV  
  19  1:26  Marine  
  19  1:27  Orbital Command  
  20  1:43  Command Center  
  20  1:46  Barracks Reactor  
  20  1:53  SCV  
  21  1:55  Supply Depot  
  21  2:05  SCV  
  21  2:07  Factory  
  22  2:17  SCV  
  22  2:22  Bunker  
  23  2:23  Marine x2  
  23  2:29  SCV  
  26  2:30  Refinery  
  26  2:40  Marine  
  26  2:41  SCV, Marine  
  29  2:53  SCV, Starport  
  29  2:56  Orbital Command  
  30  2:58  Marine  
  30  3:01  Marine  
  33  3:05  SCV  
  33  3:06  Factory Tech Lab  
  33  3:16  Marine  
  33  3:17  SCV  
  33  3:18  Marine  
  36  3:22  SCV  
  36  3:25  Cyclone  
  40  3:29  SCV  
  41  3:34  Marine  
  41  3:36  Marine  
  41  3:37  SCV  
  41  3:40  Medivac  
  46  3:41  Supply Depot  
  46  3:48  SCV  
  46  3:49  Engineering Bay  
  46  3:56  SCV  
  46  3:57  Marine  
  46  4:02  Marine  
  46  4:03  Supply Depot, SCV, Cyclone  
  46  4:08  SCV  
  52  4:15  SCV, Marine  
  54  4:18  Missile Turret  
  54  4:19  Missile Turret  
  54  4:25  SCV, Marine  
  54  4:27  SCV, Supply Depot  
  57  4:33  Marine  
  57  4:37  SCV  
  57  4:39  SCV  
  57  4:42  Barracks  
  57  4:43  Marine  
  57  4:45  Barracks  
  59  4:47  Starport Tech Lab  
  59  4:49  SCV  
  59  4:51  SCV  
  60  4:56  Marine  
  59  5:01  SCV  
  59  5:03  SCV, Marine  
  60  5:13  Terran Infantry Weapons Level 1, SCV  
  60  5:14  Factory Tech Lab, Marine  
  61  5:15  Barracks x2  
  61  5:18  SCV, Refinery  
  61  5:20  Starport Reactor  
  63  5:21  Marine  
  63  5:22  Supply Depot  
  63  5:26  SCV  
  65  5:30  SCV  
  65  5:33  Siege Tank  
  69  5:36  Supply Depot  
  69  5:38  SCV  
  69  5:40  Stimpack  
  70  5:43  Marine  
  70  5:45  Marine x2  
  70  5:46  Supply Depot  
  70  5:48  SCV  
  74  5:50  Refinery  
  74  5:51  Supply Depot, Marine  
  74  5:56  Combat Shield  
  76  6:00  SCV  
  76  6:03  Marine x5  
  81  6:04  Supply Depot  
  81  6:13  Siege Tank  
  81  6:16  Supply Depot, Marine  
  85  6:20  Marine  
  85  6:21  Marine  
  85  6:22  Medivac, Marine x2  
  91  6:26  Marine  
  91  6:27  Supply Depot  
  91  6:32  Medivac  
  94  6:38  Marine  
  95  6:41  Command Center  
  95  6:42  Marine x2  
  95  6:43  Marine x2  
  95  6:44  Marine  
  95  6:46  Siege Tank  
  103  6:56  Marine  
  103  7:00  Medivac, Marine x3  
  103  7:01  Marine  
  110  7:02  Marine  
  111  7:11  Supply Depot  
  111  7:14  Marine  
  112  7:18  Marine x4  
  112  7:19  Siege Tank, Marine  
  120  7:32  Marine  
  120  7:36  Marine x4  
  122  7:37  Marine  
  115  7:49  Medivac  
  98  7:54  Marine x3  
  96  8:00  Siege Tank, Marine  
  97  8:09  Bunker  
  95  8:13  Marine x2  
  95  8:15  Marine  
  97  8:21  Marine  
Tags
 
Add a new tag
Caveats
  • Supply blocks, unpowered buildings, or Contaminate may cause inaccurate times.
  • Supply counts are checked every 10 seconds.